 Dungeon Sprint DCSS version 0.29-a0-468-ge57f7f99b4 (webtiles) character file.

Game seed: 13230555362382965360

369 mhtbhm the Cleaver (level 6, -1/63 HPs)
             Began as a Draconian Berserker on May 21, 2022.
             Was a High Priest of Trog.
             Slain by a flying skull (7 damage)
             ... in the Dungeon (Sprint VII: "The Pits").
             The game lasted 00:00:58 (573 turns).

mhtbhm the Cleaver (Draconian Berserker)             Turns: 573, Time: 00:00:59

Health: -1/63      AC:  6    Str: 21    XL:     6   Next: 41%
Magic:  6/6        EV: 14    Int:  7    God:    Trog [*****.]
Gold:   0          SH:  0    Dex: 11    Spells: 5/5 levels left

rFire   . . .      SeeInvis .   a - +2 hand axe (freeze)
rCold   . . .      Faith    .   (no shield)
rNeg    . . .      Spirit   .   (body armour unavailable)
rPois   .          Reflect  .   (helmet restricted)
rElec   .          Harm     .   (no cloak)
rCorr   .          Rampage  .   (no gloves)
Will    .....      NoTele   +   (no boots)
Stlth   +.........              (no amulet)
HPRegen 0.20/turn               (no ring)
MPRegen 0.10/turn               (no ring)

@: no status effects
A: AC +6, unfitting armour, cold-blooded
a: Renounce Religion, Berserk, Trog's Hand, Brothers in Arms


You were in the Dungeon.
You worshipped Trog.
Trog was extremely pleased with you.
You visited 1 branch

Inventory:

Hand Weapons
 a - a +2 hand axe of freezing (weapon)
Missiles
 j - 7 poisoned darts (quivered)
Scrolls
 g - a scroll of blinking
 i - a scroll of summoning
Potions
 b - 6 potions of curing
 c - 6 potions of heal wounds
 d - a potion of haste
 e - 4 potions of magic
 f - 3 potions of berserk rage
 h - 2 potions of invisibility


   Skills:
 + Level 9.1 Fighting
 + Level 9.3 Axes
 + Level 7.3 Dodging


You had 5 spell levels left.
You didn't know any spells.
Your spell library was empty.

Dungeon Overview and Level Annotations

Branches:
Dungeon (1/1)

Altars:


Innate Abilities, Weirdness & Mutations

Your plain brown scales are hard. (AC +6)
You cannot fit into any form of body armour.
You are cold-blooded and may be slowed by cold attacks.


Message History

The flying skull hits you!
You hit the flying skull but do no damage.
Your tail-slap misses the flying skull.
The flying skull is moderately damaged.
The flying skull hits you!
You barely miss the flying skull.
Your tail-slap misses the flying skull.
The flying skull is moderately damaged.
The flying skull hits you!
You slash the flying skull! You freeze the flying skull.
The flying skull is severely damaged.
The flying skull misses you.
You miss the flying skull.
The flying skull is severely damaged.
The flying skull closely misses you.
You hit the flying skull but do no damage.
Your tail-slap misses the flying skull.
The flying skull is severely damaged.
The flying skull barely misses you. The flying skull hits you.
Okay, then.
You hit the flying skull but do no damage.
Your tail-slap misses the flying skull.
The flying skull is severely damaged.
The flying skull hits you but does no damage.
You hit the flying skull but do no damage.
You tail-slap the flying skull, but do no damage.
The flying skull is severely damaged.
The flying skull barely misses you.
You miss the flying skull.
The flying skull is severely damaged.
The flying skull hits you!
You hit the flying skull.
The flying skull is severely damaged.
The flying skull hits you!
* * * LOW HITPOINT WARNING * * *
You hit the flying skull.
The flying skull is almost destroyed.
The flying skull hits you.
* * * LOW HITPOINT WARNING * * *
The flying skull hits you!
You die...

#.#...)))[.##.......#
#)###########.......#
#[†#.#.## #########
#.......# ##.#.#.##
#.......# ##.#.#.##
#.......#+#
##.#.#.@z.#
##########


You could see a flying skull.

Vanquished Creatures
  A floating eye (D)
  Pargi (D)
  A sky beast (D)
  A kobold brigand (D)
  A gnoll (D)
  2 worms (D)
  An orc (D)
  A bat skeleton (D)
  2 endoplasms (D)
  2 hobgoblins (D)
  A ball python (D)
  A ball python zombie (D)
  A kobold (D)
16 creatures vanquished.

Notes
Turn   | Place    | Note
-------+----------+-------------------------------------------
     0 | D        | mhtbhm the Draconian Berserker began the quest for the Orb.
     0 | D        | Reached XP level 1. HP: 19/19 MP: 1/1
    13 | D        | Noticed a floating eye
    19 | D        | Killed a floating eye
    20 | D        | Reached skill level 5 in Dodging
    20 | D        | Reached XP level 2. HP: 31/31 MP: 2/2
    20 | D        | Reached XP level 3. HP: 38/38 MP: 3/3
    20 | D        | Reached XP level 4. HP: 45/45 MP: 4/4
    62 | D        | Reached ** piety under Trog
   273 | D        | Noticed a sky beast
   284 | D        | Reached *** piety under Trog
   293 | D        | Killed a sky beast
   294 | D        | Reached XP level 5. HP: 53/53 MP: 5/5
   419 | D        | Noticed Pargi
   437 | D        | Reached **** piety under Trog
   442 | D        | Reached XP level 6. HP: 61/62 MP: 6/6
   447 | D        | Killed Pargi
   447 | D        | Reached ***** piety under Trog
   556 | D        | Noticed a flying skull
   573 | D        | Slain by a flying skull

Illustrated notes

Levels and vault maps discovered:
D:        pitsprint [storerooms_1, entrance_room_1, metal_vault_7, armoury_3,
          mini_pit_1, grid_room_1, main_hall_1, silver_pit, the_coven_3,
          the_vestibule_1, steel_vault_4, golden_pit, hallway_of_sentries,
          crystal_vault_1, iron_vault_4, final_vault]

Skill      XL: |  1  2  3  4  5  6 |
---------------+-------------------+-----
Fighting       | 6 7 8 9 |  9.1
Axes           | 6 7 8 9 |  9.3
Dodging        | 5 6 7 |  7.3

Action                   |  1- 3 |  4- 6 || total
-------------------------+-------+-------++-------
Melee: Hand axe          |     5 |    53 ||    58
       Tailslap          |       |     4 ||     4
Invok: Berserk           |       |     2 ||     2
Armor: Skin              |       |    15 ||    15
Dodge: Dodged            |       |    27 ||    27

Table legend: (Time is in decaauts)
 A = Elapsed time spent in this place.
 B = Non-inter-level travel time spent in this place.
 C = Inter-level travel time spent in this place.
 D = Time resting spent in this place.
 E = Time spent auto-exploring this place.
 F = Levels seen in this place.
 G = Mean time per level.
                   A        B        C        D        E       F      G
               +--------+--------+--------+--------+--------+-----+--------+
         Total |    583 |    583 |      0 |    378 |      0 |   1 |  583.0 |
       Dungeon |    583 |    583 |      0 |    378 |      0 |   1 |  583.0 |
               +--------+--------+--------+--------+--------+-----+--------+

Top non-repeatable levels by time:
       D: 583 daAuts
